 Dungeon Crawl Stone Soup version 0.28-a0-1444-g6c55d0bc0c (webtiles) character file.

Game seed: 17509467604994276625

81 MacCMillion the Sneak (level 4, 33/40 HPs)
             Began as a Ghoul Delver on Jan 10, 2022.
             Was an Initiate of Yredelemnul.
             Quit the game on level 4 of the Dungeon.
             The game lasted 00:02:58 (433 turns).

MacCMillion the Sneak (Ghoul Delver)                 Turns: 433, Time: 00:02:58

Health: 33/40      AC:  3    Str: 17    XL:     4   Next: 42%
Magic:  3/3        EV: 12    Int:  5    God:    Yredelemnul [......]
Gold:   19         SH:  0    Dex: 10    Spells: 3/3 levels left

rFire   . . .      SeeInvis .     - Unarmed
rCold   + . .      Faith    .   (no shield)
rNeg    + + +      Spirit   .   a - +0 leather armour
rPois   ∞          Reflect  .   (no helmet)
rElec   .          Harm     .   (no cloak)
rCorr   .          Rampage  .   (no gloves)
Will    .....                   (no boots)
Stlth   +++.......              (no amulet)
HPRegen 0.00/turn               (no ring)
MPRegen 0.08/turn               (no ring)

@: inhibited regen
A: claws 1, cold resistance 1, negative energy resistance 3, inhibited
regeneration, torment resistance 2
a: Renounce Religion, Recall Undead Harvest


You were on level 4 of the Dungeon.
You worshipped Yredelemnul.
Yredelemnul was noncommittal.
You visited 1 branch of the dungeon, and saw 2 of its levels.

You collected 19 gold pieces.

Inventory:

Armour
 a - a +0 leather armour (worn)
Wands
 f - a wand of digging (3)
Scrolls
 b - a scroll of fog
 c - a scroll of magic mapping
 d - a scroll of fear
Potions
 e - a potion of haste
 g - 2 potions of curing {unknown}


   Skills:
 + Level 3.9 Fighting
 + Level 2.5 Dodging
 + Level 6.0 Stealth
 + Level 3.1 Unarmed Combat


You had 3 spell levels left.
You didn't know any spells.
Your spell library was empty.

Dungeon Overview and Level Annotations

Branches:
Dungeon (5/15)             Temple (0/1) D:5

Altars:
Yredelemnul

Annotations:
D:5 Menkaure


Innate Abilities, Weirdness & Mutations

You thrive by killing the living.
You are immune to poison.
You have sharp fingernails.
Your flesh is cold resistant. (rC+)
You are immune to negative energy. (rN+++)
You do not regenerate when monsters are visible.
You are immune to unholy pain and torment.


Message History

You have reached level 3!
Your experience leads to an increase in your attributes!
Increase (S)trength, (I)ntelligence, or (D)exterity?
You feel stronger. x2
Unknown command.
You swap places.
Your adder zombie bites the jelly.
Your adder zombie is burned by acid!
The jelly hits your adder zombie.
Your adder zombie is splashed with acid.
The acid corrodes your adder zombie!
Your adder zombie bites the jelly.
Your adder zombie is burned by acid!
The jelly hits your adder zombie.
Your adder zombie is splashed with acid.
Your adder zombie seems to be corroded for longer.
Your adder zombie bites the jelly.
Your adder zombie seems to be corroded for longer.
Your adder zombie is burned by acid!
Your adder zombie is destroyed!
You claw the jelly!
You kill the jelly!
The hound closely misses you.
A river rat comes into view.
You miss the hound. The hound barely misses you.
You scratch the hound.
The hound is heavily wounded.
The hound closely misses you. x2
You scratch the hound.
The hound is heavily wounded.
The hound bites you but does no damage.
You scratch the hound.
The hound is almost dead.
The hound bites you. x2
You scratch the hound.
You kill the hound!
Your Stealth skill increases to level 6!
Your Unarmed Combat skill increases to level 3!
You have reached level 4!
Your library has no spells.
Are you sure you want to abandon this character and quit the game? (Confirm with "yes".)

.... #.# ###..##..
........# #.....#
#####.##># #
..##S##.# .###.
#.##.##.#
......####.##.##.#
...r..).@..>.....#
..##.#####....####
#.#### #.# #.# #.#
#.. #.#


You could see a river rat.

Vanquished Creatures
  A jelly (D:4)
  A hound (D:4)
  A hound skeleton (D:4)
  An adder (D:4)
  A kobold (D:4)
5 creatures vanquished.

Vanquished Creatures (others)
  An adder zombie (D:4)
1 creature vanquished.

Grand Total: 6 creatures vanquished

Notes
Turn   | Place    | Note
-------+----------+-------------------------------------------
     0 | D:5      | MacCMillion the Ghoul Delver began the quest for the Orb.
     0 | D:5      | Reached XP level 1. HP: 19/19 MP: 0/0
    23 | D:5      | Found a basalt altar of Yredelemnul.
    53 | D:5      | Became a worshipper of Yredelemnul the Dark
    58 | D:5      | Found a staircase to the Ecumenical Temple.
    61 | D:5      | Noticed Menkaure
    98 | D:4      | Reached XP level 2. HP: 13/26 MP: 1/1
   421 | D:4      | Reached XP level 3. HP: 31/31 MP: 2/2
   433 | D:4      | Reached skill level 6 in Stealth
   433 | D:4      | Reached XP level 4. HP: 33/40 MP: 3/3
   433 | D:4      | Quit the game

Illustrated notes

Levels and vault maps discovered:
D:4:      layout_loops_ring, mainiacjoe_overflow_concentric_impassable,
          chequers_temple_overflow_statue_of_worship,
          cheibrodos_sewer_entry_sluice
D:5:      layout_gridville, lemuel_crystal_altar, minmay_temple_entry_glass,
          uniq_blork_the_orc, uniq_menkaure, uniq_grinder

Skill      XL: |  1  2  3 |
---------------+----------+-----
Dodging        | 2 |  2.5
Stealth        | 6 |  6.0
Unarmed Combat | 3 |  3.1
Fighting       | |  3.9

Action                   |  1- 3 |  4- 6 || total
-------------------------+-------+-------++-------
Melee: Unarmed           |    21 |       ||    21
 Stab: Sleeping          |     1 |       ||     1
Armor: Leather armour    |     6 |       ||     6
Dodge: Dodged            |    11 |       ||    11

Table legend: (Time is in decaauts)
 A = Elapsed time spent in this place.
 B = Non-inter-level travel time spent in this place.
 C = Inter-level travel time spent in this place.
 D = Time resting spent in this place.
 E = Time spent auto-exploring this place.
 F = Levels seen in this place.
 G = Mean time per level.
                   A        B        C        D        E       F      G
               +--------+--------+--------+--------+--------+-----+--------+
         Total |    433 |    433 |      0 |    252 |     37 |   2 |  216.5 |
       Dungeon |    433 |    433 |      0 |    252 |     37 |   2 |  216.5 |
               +--------+--------+--------+--------+--------+-----+--------+

Top non-repeatable levels by time:
     D:5: 239 daAuts
     D:4: 193 daAuts
